Pick #1

Connor Bedard
Pick #2

Leo Carlsson
Pick #3

Adam Fantilli
Pick #4

Matvei Michkov
Pick #5

David Reinbacher
Pick #6

William Smith
Pick #7

Zachary Benson
Pick #8

Ryan Leonard
Pick #9

Gabriel Perreault
Pick #10

Axel Sandin-Pellika
Pick #11

Daniil But
Pick #12

Dalibor Dvorsky
Pick #13

Quentin Musty
Pick #14

Brayden Yager
Pick #15

Dmitry Simashev
Pick #16

Colby Barlow
Pick #17

Andrew Cristall
Pick #18

Easton Cowan
Pick #19

Jacob Fowler
Pick #20

Oliver Moore
Pick #21

Oliver Bonk
Pick #22

Tom Willander
Pick #23

Calum Ritchie
Pick #24

Tanner Molendyk
Pick #25

Gavin Brindley
Pick #26

Nate Danielson
Pick #27

Pick #28

Pick #29

Pick #30

Pick #31

Pick #32

Pick #33

Pick #34

Pick #35

Pick #36

Pick #37

Pick #38

Pick #39

Pick #40

Pick #41

Pick #42

Pick #43

Pick #44

Pick #45

Pick #46

Pick #47

Pick #48

Pick #49

Pick #50

Pick #51

Pick #52

Pick #53

Pick #54

Pick #55

Pick #56

Pick #57

Pick #58

Pick #59

Pick #60

Pick #61

Pick #62

Pick #63

Pick #64

Pick #65

Pick #66

Pick #67

Pick #68

Pick #69

Pick #70

Pick #71

Pick #72

Pick #73

Pick #74

Pick #75

Pick #76

Pick #77

Pick #78

Pick #79

Pick #80

Pick #81

Pick #82

Pick #83

Pick #84

Pick #85

Pick #86

Pick #87

Pick #88

Pick #89

Pick #90

Pick #91

Pick #92

Pick #93

Pick #94

Pick #95

Pick #96

Pick #97

Pick #98

Pick #99

Pick #100

Pick #101

Pick #102

Pick #103

Pick #104

Pick #105

Pick #106

Pick #107

Pick #108

Pick #109

Pick #110

Pick #111

Pick #112

Pick #113

Pick #114

Pick #115

Pick #116

Pick #117

Pick #118

Pick #119

Pick #120

Pick #121

Pick #122

Pick #123

Pick #124

Pick #125

Pick #126

Pick #127

Pick #128

Pick #129

Pick #130

Full Scoreboard »»

Rangers vs RedWings

Created - February 5, 2024 at 11:14

Goals
1 2 3 T
Rangers 0 0 1 1
RedWings 3 1 1 5
Shots
1 2 3 T
Rangers 9 12 13 34
RedWings 8 3 10 21

GoalsPenalties
1st period
1. RedWings , Phillip Di Giuseppe 9 (Seth Jones 17, Brayden Schenn 27) at 1:33
2. RedWings , Stefan Noesen 3 (Nikita Alexandrov 3, Brayden Schenn 28) at 4:28
3. RedWings , Ryan Hartman 19 (Brayden Schenn 29, Phillip Di Giuseppe 6) at 13:29
David Perron (DET) for Elbowing (Minor) at 4:35
Yegor Chinakhov (NYR) for Interference (Minor) at 18:13
2nd period
4. RedWings , Ryan Hartman 20 (Brayden Schenn 30) at 19:44
Nick Cousins (DET) for Interference (Minor) at 2:50
Ryan Murray (DET) for Hooking (Minor) at 8:47
Patrik Laine (NYR) for Slashing (Double Minor) at 8:47
John Carlson (DET) for Hooking (Minor) at 14:52
3rd period
5. Rangers , Anthony Beauvillier 13 (Mario Ferraro 28, Luke Schenn 9) at 1:50
6. RedWings , John Carlson 14 (Erik Karlsson 32, Brayden Schenn 31) at 13:20
David Pastrnak (DET) for Delaying the game (Minor) at 0:11
Casey Mittelstadt (NYR) for Interference (Minor) at 0:48
Nick Cousins (DET) for Cross-checking (Minor) at 5:02
Caleb Jones (NYR) for Roughing (Minor) at 8:49
Anthony Beauvillier (NYR) for High sticking (Minor) at 14:09
Goalie Stats
Arturs Silovs (NYR), 9 saves from 10 shots - (0.900), 20:16 minutes
Logan Thompson (NYR), 7 saves from 11 shots - (0.636), L, 8-12-3, 39:44 minutes
Charlie Lindgren (DET), 33 saves from 34 shots - (0.971), W, 2-0-0, 60:00 minutes
3 StarsOfficial
1 - Brayden Schenn (DET)
2 - Ryan Hartman (DET)
3 - Phillip Di Giuseppe (DET)
Referees : Kenny Anderson and Tim Mayer
Linesman : Bevan Mills and Shaun Morgan
Game Note
Arturs Silovs enters game at 19:44 of 2nd period
Finance
Level 1 -- Attendance: 6500 (100.00%) -- Ticket Income $780,000
Level 2 -- Attendance: 4389 (87.78%) -- Ticket Income $351,120
Level 3 -- Attendance: 3029 (86.54%) -- Ticket Income $212,030
Level 4 -- Attendance: 2960 (73.50%) -- Ticket Income $103,600
Luxury Box -- Attendance: 877 (87.70%) -- Ticket Income $192,940
Game was played at the Joe Louis Arena.
Total Attendance: 17755 (88.66%)
Total Ticket Income: $1,639,690
Other Income: $409,922
Total Income: $2,049,612



Team Name Goals Shots Shots Attemp Shots Blocked PIM HIT PP PK FO%
Rangers 13471612200 / 5 (0%)042%
RedWings 521381112230 / 5 (0%)058%

Rangers
Player Name POS G A P +/- PIM HIT SHT SB MP PP MP PP SHT PK MP PK SHT FO% FOT
Adam ErneLW000002015:430:3400:4200% 0
Anthony BeauvillierLW1011215014:590:0001:3200% 3
Caleb JonesD000-2202121:563:5113:1200% 0
Casey MittelstadtC000-2213016:543:4211:49044% 25
Eric RobinsonLW000-3011022:204:1604:2900% 0
Evgeny SvechnikovLW000100002:050:5100:000100% 1
Jack QuinnRW000-3000015:514:1600:0000% 0
Jake ChristiansenD000-3001012:360:3100:5900% 0
Justin DanforthRW0000002013:120:1400:0000% 0
Juuso ParssinenC0000022016:490:0003:00038% 13
Kent JohnsonC000000103:360:0000:00029% 7
Luke KuninC000-3030017:314:1601:16044% 18
Luke SchennD0111033325:274:1114:2300% 0
Mario FerraroD0111004025:274:1144:2300% 0
Nick PerbixD000-3011111:370:3110:0000% 0
Patrik LaineLW000-2415023:563:4614:20044% 9
Riley StillmanD000-2021022:563:5114:1100% 0
Yegor ChinakhovRW000-2233015:053:4300:000100% 1
RedWings
Player Name POS G A P +/- PIM HIT SHT SB MP PP MP PP SHT PK MP PK SHT FO% FOT
Brayden SchennC0555032019:523:1712:46067% 21
David PastrnakRW0000200022:314:3602:18057% 14
David PerronLW0000221015:360:1800:46075% 4
Denis GurianovRW000100009:450:3700:06043% 7
Derick BrassardC000000000:000:0000:0000% 0
Drew DoughtyD0000041424:194:1414:0900% 0
Erik KarlssonD0111004325:324:2014:1800% 0
Evgenii DadonovRW000-1012020:014:1715:29050% 2
John CarlsonD1011202224:254:2012:4800% 0
Mark ScheifeleC0000001015:200:0000:4700% 1
Nick CousinsC0002430013:470:0000:00050% 2
Nick FolignoLW000000008:320:0000:000100% 1
Nikita AlexandrovC0111000010:195:1700:00075% 8
Phillip Di GiuseppeLW1124001115:253:4000:0000% 1
Ryan HartmanRW2023046022:213:4015:00050% 16
Ryan MurrayD0002220119:504:1405:0400% 0
Seth JonesD0111040015:430:0000:4100% 0
Stefan NoesenRW101100104:420:0000:0000% 0



Play-by-Play

1st period


0:01 of 1st period - Casey Mittelstadt wins face-off versus David Pastrnak in neutral zone.
0:41 of 1st period - Shot by Yegor Chinakhov.
0:41 of 1st period - Shot Misses the Net.
0:43 of 1st period - Shot by Yegor Chinakhov.
0:43 of 1st period - Shot Misses the Net.
1:02 of 1st period - Eric Robinson is hit by Drew Doughty and loses puck.
1:18 of 1st period - Seth Jones is hit by Riley Stillman and loses puck.
1:33 of 1st period - Shot by Phillip Di Giuseppe.
1:33 of 1st period - Goal by Phillip Di Giuseppe - Rangers : 0 - RedWings : 1.
1:34 of 1st period - Nick Foligno wins face-off versus Juuso Parssinen in neutral zone.
2:21 of 1st period - Off-side.
2:22 of 1st period - Brayden Schenn wins face-off versus Kent Johnson in neutral zone.
2:35 of 1st period - Shot by Brayden Schenn.
2:35 of 1st period - Stopped by Logan Thompson with a rebound.
2:37 of 1st period - Shot by John Carlson.
2:37 of 1st period - Shot Blocked by Adam Erne.
2:56 of 1st period - Shot by Ryan Hartman.
2:56 of 1st period - Stopped by Logan Thompson without a rebound.
2:57 of 1st period - David Pastrnak wins face-off versus Luke Kunin in Rangers zone.
3:00 of 1st period - Shot by Mark Scheifele.
3:00 of 1st period - Shot Blocked by Caleb Jones.
3:27 of 1st period - Luke Kunin is hit by Seth Jones and loses puck.
3:49 of 1st period - Off-side.
3:50 of 1st period - Casey Mittelstadt wins face-off versus Nick Cousins in neutral zone.
4:01 of 1st period - Shot by Patrik Laine.
4:01 of 1st period - Stopped by Charlie Lindgren without a rebound.
4:02 of 1st period - Juuso Parssinen wins face-off versus Denis Gurianov in RedWings zone.
4:13 of 1st period - Shot by Anthony Beauvillier.
4:13 of 1st period - Shot Misses the Net.
4:15 of 1st period - Shot by Luke Schenn.
4:15 of 1st period - Stopped by Charlie Lindgren without a rebound.
4:16 of 1st period - Brayden Schenn wins face-off versus Casey Mittelstadt in RedWings zone.
4:16 of 1st period - Brayden Schenn is hit by Yegor Chinakhov.
4:24 of 1st period - Shot by Brayden Schenn.
4:24 of 1st period - Shot Blocked by Nick Perbix.
4:26 of 1st period - Shot by Nikita Alexandrov.
4:26 of 1st period - Shot Misses the Net.
4:28 of 1st period - Shot by Stefan Noesen.
4:28 of 1st period - Goal by Stefan Noesen - Rangers : 0 - RedWings : 2.
4:29 of 1st period - Juuso Parssinen wins face-off versus Mark Scheifele in neutral zone.
4:35 of 1st period - Minor Penalty to David Perron for Elbowing.
4:36 of 1st period - Casey Mittelstadt wins face-off versus Ryan Hartman in RedWings zone.
4:45 of 1st period - Shot by Yegor Chinakhov.
4:45 of 1st period - Shot Misses the Net.
4:59 of 1st period - Shot by Casey Mittelstadt.
4:59 of 1st period - Stopped by Charlie Lindgren with a rebound.
5:03 of 1st period - Shot by Yegor Chinakhov.
5:03 of 1st period - Shot Misses the Net.
5:05 of 1st period - Shot by Luke Schenn.
5:05 of 1st period - Shot Misses the Net.
5:53 of 1st period - Shot by Caleb Jones.
5:53 of 1st period - Shot Blocked by Drew Doughty.
5:55 of 1st period - Shot by Riley Stillman.
5:55 of 1st period - Shot Misses the Net.
6:27 of 1st period - Shot by Casey Mittelstadt.
6:27 of 1st period - Shot Misses the Net.
6:29 of 1st period - Shot by Yegor Chinakhov.
6:29 of 1st period - Deflect By Casey Mittelstadt.
6:29 of 1st period - Shot Blocked by Erik Karlsson.
6:31 of 1st period - Shot by Mario Ferraro.
6:31 of 1st period - Stopped by Charlie Lindgren without a rebound.
6:32 of 1st period - Ryan Hartman wins face-off versus Casey Mittelstadt in RedWings zone.
6:50 of 1st period - Anthony Beauvillier is hit by Drew Doughty and loses puck.
7:02 of 1st period - Seth Jones is hit by Juuso Parssinen and loses puck.
7:06 of 1st period - Off-side.
7:07 of 1st period - David Pastrnak wins face-off versus Kent Johnson in neutral zone.
7:26 of 1st period - Shot by David Perron.
7:26 of 1st period - Stopped by Logan Thompson without a rebound.
7:27 of 1st period - Luke Kunin wins face-off versus Brayden Schenn in Rangers zone.
7:27 of 1st period - Luke Kunin is hit by Brayden Schenn.
8:00 of 1st period - Shot by Eric Robinson.
8:00 of 1st period - Stopped by Charlie Lindgren with a rebound.
8:05 of 1st period - Eric Robinson is hit by Ryan Murray and loses puck.
8:17 of 1st period - Icing by Ryan Murray.
8:18 of 1st period - Casey Mittelstadt wins face-off versus Brayden Schenn in RedWings zone.
8:30 of 1st period - Yegor Chinakhov is hit by Nick Cousins and loses puck.
8:41 of 1st period - Shot by Casey Mittelstadt.
8:41 of 1st period - Shot Misses the Net.
8:43 of 1st period - Shot by Yegor Chinakhov.
8:43 of 1st period - Stopped by Charlie Lindgren without a rebound.
8:44 of 1st period - Juuso Parssinen wins face-off versus David Pastrnak in RedWings zone.
10:01 of 1st period - Icing by Patrik Laine.
10:02 of 1st period - Nick Cousins wins face-off versus Casey Mittelstadt in Rangers zone.
10:21 of 1st period - Shot by Patrik Laine.
10:21 of 1st period - Shot Misses the Net.
10:23 of 1st period - Shot by Mario Ferraro.
10:23 of 1st period - Shot Misses the Net.
10:25 of 1st period - Shot by Casey Mittelstadt.
10:25 of 1st period - Shot Blocked by Drew Doughty.
11:40 of 1st period - Justin Danforth is hit by Drew Doughty and loses puck.
11:43 of 1st period - Shot by Juuso Parssinen.
11:43 of 1st period - Stopped by Charlie Lindgren with a rebound.
11:45 of 1st period - Shot by Juuso Parssinen.
11:45 of 1st period - Shot Misses the Net.
11:47 of 1st period - Shot by Justin Danforth.
11:47 of 1st period - Shot Blocked by Drew Doughty.
11:49 of 1st period - Shot by Juuso Parssinen.
11:49 of 1st period - Stopped by Charlie Lindgren without a rebound.
11:50 of 1st period - Kent Johnson wins face-off versus David Pastrnak in RedWings zone.
11:59 of 1st period - Shot by Patrik Laine.
11:59 of 1st period - Shot Misses the Net.
12:01 of 1st period - Shot by Patrik Laine.
12:01 of 1st period - Shot Misses the Net.
12:06 of 1st period - Icing by John Carlson.
12:07 of 1st period - David Pastrnak wins face-off versus Casey Mittelstadt in RedWings zone.
12:25 of 1st period - Shot by Yegor Chinakhov.
12:25 of 1st period - Shot Blocked by Erik Karlsson.
12:47 of 1st period - Shot by Patrik Laine.
12:47 of 1st period - Shot Blocked by John Carlson.
13:17 of 1st period - Shot by Phillip Di Giuseppe.
13:17 of 1st period - Shot Misses the Net.
13:27 of 1st period - Shot by Ryan Hartman.
13:27 of 1st period - Stopped by Logan Thompson with a rebound.
13:29 of 1st period - Shot by Ryan Hartman.
13:29 of 1st period - Goal by Ryan Hartman - Rangers : 0 - RedWings : 3.
13:30 of 1st period - Denis Gurianov wins face-off versus Luke Kunin in neutral zone.
13:38 of 1st period - Off-side.
13:39 of 1st period - Brayden Schenn wins face-off versus Luke Kunin in neutral zone.
14:33 of 1st period - Justin Danforth is hit by Ryan Hartman and loses puck.
15:01 of 1st period - Justin Danforth is hit by David Perron.
15:09 of 1st period - Icing by Erik Karlsson.
15:10 of 1st period - David Pastrnak wins face-off versus Kent Johnson in RedWings zone.
15:28 of 1st period - Shot by Kent Johnson.
15:28 of 1st period - Shot Misses the Net.
16:34 of 1st period - Icing by Mario Ferraro.
16:35 of 1st period - Brayden Schenn wins face-off versus Luke Kunin in Rangers zone.
16:38 of 1st period - Shot by Ryan Hartman.
16:38 of 1st period - Stopped by Logan Thompson with a rebound.
16:52 of 1st period - Eric Robinson is hit by Brayden Schenn.
17:44 of 1st period - Shot by Justin Danforth.
17:44 of 1st period - Deflect By Anthony Beauvillier.
17:44 of 1st period - Stopped by Charlie Lindgren without a rebound.
17:45 of 1st period - Denis Gurianov wins face-off versus Casey Mittelstadt in RedWings zone.
17:45 of 1st period - Denis Gurianov is hit by Casey Mittelstadt.
18:11 of 1st period - Patrik Laine is hit by Nick Cousins and loses puck.
18:13 of 1st period - Minor Penalty to Yegor Chinakhov for Interference.
18:14 of 1st period - Patrik Laine wins face-off versus Nikita Alexandrov in Rangers zone.
Goals for this period are 0 for Rangers vs 3 for RedWings.
Shots for this period are 9 for Rangers vs 8 for RedWings.

2nd period


0:01 of 2nd period - Nikita Alexandrov wins face-off versus Patrik Laine in neutral zone.
0:17 of 2nd period - Juuso Parssinen is hit by Nick Cousins and loses puck.
0:34 of 2nd period - Shot by Anthony Beauvillier.
0:34 of 2nd period - Stopped by Charlie Lindgren without a rebound.
0:35 of 2nd period - David Pastrnak wins face-off versus Casey Mittelstadt in RedWings zone.
1:43 of 2nd period - Shot by Nick Foligno.
1:43 of 2nd period - Shot Blocked by Luke Schenn.
2:50 of 2nd period - Minor Penalty to Nick Cousins for Interference.
2:51 of 2nd period - Ryan Hartman wins face-off versus Luke Kunin in RedWings zone.
3:38 of 2nd period - Shot by Nick Perbix.
3:38 of 2nd period - Stopped by Charlie Lindgren without a rebound.
3:39 of 2nd period - Luke Kunin wins face-off versus Ryan Hartman in RedWings zone.
3:42 of 2nd period - Shot by Eric Robinson.
3:42 of 2nd period - Shot Misses the Net.
3:44 of 2nd period - Shot by Luke Kunin.
3:44 of 2nd period - Deflect By Jack Quinn.
3:44 of 2nd period - Shot Misses the Net.
4:32 of 2nd period - Shot by Mario Ferraro.
4:32 of 2nd period - Stopped by Charlie Lindgren without a rebound.
4:33 of 2nd period - Ryan Hartman wins face-off versus Casey Mittelstadt in RedWings zone.
5:26 of 2nd period - Shot by Justin Danforth.
5:26 of 2nd period - Shot Misses the Net.
5:43 of 2nd period - Jake Christiansen is hit by Seth Jones.
6:01 of 2nd period - Shot by Kent Johnson.
6:01 of 2nd period - Stopped by Charlie Lindgren without a rebound.
6:02 of 2nd period - Luke Kunin wins face-off versus Brayden Schenn in RedWings zone.
6:05 of 2nd period - Shot by Jack Quinn.
6:05 of 2nd period - Shot Blocked by Phillip Di Giuseppe.
6:42 of 2nd period - Icing by Phillip Di Giuseppe.
6:43 of 2nd period - Brayden Schenn wins face-off versus Casey Mittelstadt in RedWings zone.
7:16 of 2nd period - Shot by Patrik Laine.
7:16 of 2nd period - Stopped by Charlie Lindgren with a rebound.
7:19 of 2nd period - Icing by John Carlson.
7:20 of 2nd period - David Pastrnak wins face-off versus Juuso Parssinen in RedWings zone.
8:33 of 2nd period - Off-side.
8:34 of 2nd period - Casey Mittelstadt wins face-off versus Phillip Di Giuseppe in neutral zone.
8:34 of 2nd period - Casey Mittelstadt is hit by Ryan Hartman.
8:42 of 2nd period - Shot by Patrik Laine.
8:42 of 2nd period - Shot Misses the Net.
8:44 of 2nd period - Shot by Casey Mittelstadt.
8:44 of 2nd period - Shot Blocked by Ryan Murray.
8:47 of 2nd period - Minor Penalty to Ryan Murray for Hooking.
8:47 of 2nd period - Double Minor Penalty to Patrik Laine for Slashing.
8:48 of 2nd period - Evgeny Svechnikov wins face-off versus Ryan Hartman in RedWings zone.
9:09 of 2nd period - Shot by Ryan Hartman.
9:09 of 2nd period - Shot Misses the Net.
9:17 of 2nd period - Shot by Ryan Hartman.
9:17 of 2nd period - Shot Misses the Net.
11:02 of 2nd period - Shot by Nikita Alexandrov.
11:02 of 2nd period - Shot Misses the Net.
11:04 of 2nd period - Shot by Drew Doughty.
11:04 of 2nd period - Stopped by Logan Thompson without a rebound.
11:05 of 2nd period - Nikita Alexandrov wins face-off versus Luke Kunin in Rangers zone.
11:27 of 2nd period - Shot by Ryan Hartman.
11:27 of 2nd period - Stopped by Logan Thompson without a rebound.
11:28 of 2nd period - Nikita Alexandrov wins face-off versus Juuso Parssinen in Rangers zone.
11:33 of 2nd period - Shot by John Carlson.
11:33 of 2nd period - Shot Misses the Net.
12:09 of 2nd period - Shot by Brayden Schenn.
12:09 of 2nd period - Shot Blocked by Luke Schenn.
12:11 of 2nd period - Shot by Drew Doughty.
12:11 of 2nd period - Shot Misses the Net.
12:13 of 2nd period - Shot by Ryan Hartman.
12:13 of 2nd period - Shot Misses the Net.
12:24 of 2nd period - Icing by Phillip Di Giuseppe.
12:25 of 2nd period - Brayden Schenn wins face-off versus Anthony Beauvillier in RedWings zone.
12:25 of 2nd period - Brayden Schenn is hit by Anthony Beauvillier.
13:04 of 2nd period - Off-side.
13:05 of 2nd period - David Perron wins face-off versus Kent Johnson in neutral zone.
13:22 of 2nd period - Shot by Patrik Laine.
13:22 of 2nd period - Stopped by Charlie Lindgren with a rebound.
13:32 of 2nd period - Shot by Patrik Laine.
13:32 of 2nd period - Stopped by Charlie Lindgren without a rebound.
13:33 of 2nd period - Brayden Schenn wins face-off versus Juuso Parssinen in RedWings zone.
13:39 of 2nd period - Off-side.
13:40 of 2nd period - Brayden Schenn wins face-off versus Juuso Parssinen in neutral zone.
13:55 of 2nd period - Phillip Di Giuseppe is hit by Juuso Parssinen.
14:29 of 2nd period - Icing by John Carlson.
14:30 of 2nd period - Casey Mittelstadt wins face-off versus Brayden Schenn in RedWings zone.
14:45 of 2nd period - Shot by Yegor Chinakhov.
14:45 of 2nd period - Shot Misses the Net.
14:52 of 2nd period - Minor Penalty to John Carlson for Hooking.
14:53 of 2nd period - Evgenii Dadonov wins face-off versus Luke Kunin in RedWings zone.
14:53 of 2nd period - Evgenii Dadonov is hit by Luke Kunin.
15:19 of 2nd period - Evgenii Dadonov is hit by Luke Kunin and loses puck.
16:34 of 2nd period - Shot by Mario Ferraro.
16:34 of 2nd period - Stopped by Charlie Lindgren without a rebound.
16:35 of 2nd period - Luke Kunin wins face-off versus Ryan Hartman in RedWings zone.
16:36 of 2nd period - Shot by Mario Ferraro.
16:36 of 2nd period - Shot Misses the Net.
16:42 of 2nd period - Shot by Eric Robinson.
16:42 of 2nd period - Deflect By Jack Quinn.
16:42 of 2nd period - Shot Misses the Net.
17:16 of 2nd period - Shot by Justin Danforth.
17:16 of 2nd period - Stopped by Charlie Lindgren with a rebound.
17:18 of 2nd period - Shot by Jake Christiansen.
17:18 of 2nd period - Stopped by Charlie Lindgren without a rebound.
17:19 of 2nd period - David Pastrnak wins face-off versus Kent Johnson in RedWings zone.
17:19 of 2nd period - David Pastrnak is hit by Adam Erne.
17:31 of 2nd period - Seth Jones is hit by Adam Erne and loses puck.
17:38 of 2nd period - Shot by Adam Erne.
17:38 of 2nd period - Shot Misses the Net.
17:40 of 2nd period - Shot by Caleb Jones.
17:40 of 2nd period - Stopped by Charlie Lindgren with a rebound.
18:18 of 2nd period - Icing by Drew Doughty.
18:19 of 2nd period - David Perron wins face-off versus Juuso Parssinen in RedWings zone.
19:26 of 2nd period - Nick Foligno is hit by Nick Perbix and loses puck.
19:37 of 2nd period - Luke Kunin is hit by Ryan Hartman and loses puck.
19:44 of 2nd period - Shot by Ryan Hartman.
19:44 of 2nd period - Goal by Ryan Hartman - Rangers : 0 - RedWings : 4.
19:44 of 2nd period - Arturs Silovs enters game.
19:45 of 2nd period - Brayden Schenn wins face-off versus Casey Mittelstadt in neutral zone.
19:57 of 2nd period - Shot by Casey Mittelstadt.
19:57 of 2nd period - Stopped by Charlie Lindgren without a rebound.
19:58 of 2nd period - Kent Johnson wins face-off versus Ryan Hartman in RedWings zone.
Goals for this period are 0 for Rangers vs 1 for RedWings.
Shots for this period are 12 for Rangers vs 3 for RedWings.

3rd period


0:01 of 3rd period - David Pastrnak wins face-off versus Casey Mittelstadt in neutral zone.
0:09 of 3rd period - Icing by Mario Ferraro.
0:10 of 3rd period - Casey Mittelstadt wins face-off versus David Perron in Rangers zone.
0:10 of 3rd period - Casey Mittelstadt is hit by David Perron.
0:11 of 3rd period - Minor Penalty to David Pastrnak for Delaying the game.
0:12 of 3rd period - Casey Mittelstadt wins face-off versus Ryan Hartman in RedWings zone.
0:13 of 3rd period - Shot by Patrik Laine.
0:13 of 3rd period - Deflect By Casey Mittelstadt.
0:13 of 3rd period - Shot Blocked by Erik Karlsson.
0:29 of 3rd period - Ryan Murray is hit by Yegor Chinakhov and loses puck.
0:37 of 3rd period - Icing by Casey Mittelstadt.
0:38 of 3rd period - Ryan Hartman wins face-off versus Casey Mittelstadt in Rangers zone.
0:38 of 3rd period - Erik Karlsson is hit by Luke Schenn and loses puck.
0:48 of 3rd period - Minor Penalty to Casey Mittelstadt for Interference.
0:49 of 3rd period - Ryan Hartman wins face-off versus Patrik Laine in Rangers zone.
1:20 of 3rd period - Shot by Evgenii Dadonov.
1:20 of 3rd period - Stopped by Arturs Silovs without a rebound.
1:21 of 3rd period - Ryan Hartman wins face-off versus Anthony Beauvillier in Rangers zone.
1:25 of 3rd period - Ryan Hartman is hit by Luke Schenn and loses puck.
1:50 of 3rd period - Shot by Anthony Beauvillier.
1:50 of 3rd period - Goal by Anthony Beauvillier - Rangers : 1 - RedWings : 4.
1:51 of 3rd period - Brayden Schenn wins face-off versus Patrik Laine in neutral zone.
3:48 of 3rd period - Shot by Casey Mittelstadt.
3:48 of 3rd period - Stopped by Charlie Lindgren without a rebound.
3:49 of 3rd period - Juuso Parssinen wins face-off versus Brayden Schenn in RedWings zone.
4:04 of 3rd period - Juuso Parssinen is hit by Seth Jones and loses puck.
5:02 of 3rd period - Minor Penalty to Nick Cousins for Cross-checking.
5:03 of 3rd period - Luke Kunin wins face-off versus Ryan Hartman in RedWings zone.
5:03 of 3rd period - Luke Kunin is hit by Ryan Murray.
5:07 of 3rd period - Shot by Riley Stillman.
5:07 of 3rd period - Stopped by Charlie Lindgren without a rebound.
5:08 of 3rd period - Ryan Hartman wins face-off versus Casey Mittelstadt in RedWings zone.
5:19 of 3rd period - Drew Doughty is hit by Yegor Chinakhov.
5:33 of 3rd period - Shot by Patrik Laine.
5:33 of 3rd period - Stopped by Charlie Lindgren without a rebound.
5:34 of 3rd period - Brayden Schenn wins face-off versus Luke Kunin in RedWings zone.
6:05 of 3rd period - Shot by Luke Schenn.
6:05 of 3rd period - Stopped by Charlie Lindgren without a rebound.
6:06 of 3rd period - Yegor Chinakhov wins face-off versus Ryan Hartman in RedWings zone.
6:29 of 3rd period - Shot by Caleb Jones.
6:29 of 3rd period - Stopped by Charlie Lindgren without a rebound.
6:30 of 3rd period - Ryan Hartman wins face-off versus Luke Kunin in RedWings zone.
6:53 of 3rd period - Shot by Eric Robinson.
6:53 of 3rd period - Shot Misses the Net.
6:55 of 3rd period - Shot by Mario Ferraro.
6:55 of 3rd period - Stopped by Charlie Lindgren without a rebound.
6:56 of 3rd period - Casey Mittelstadt wins face-off versus Brayden Schenn in RedWings zone.
7:31 of 3rd period - Shot by Justin Danforth.
7:31 of 3rd period - Stopped by Charlie Lindgren without a rebound.
7:32 of 3rd period - Casey Mittelstadt wins face-off versus David Pastrnak in RedWings zone.
8:02 of 3rd period - Off-side.
8:03 of 3rd period - Brayden Schenn wins face-off versus Luke Kunin in neutral zone.
8:03 of 3rd period - Seth Jones is hit by Luke Kunin and loses puck.
8:37 of 3rd period - Ryan Hartman is hit by Riley Stillman and loses puck.
8:49 of 3rd period - Minor Penalty to Caleb Jones for Roughing.
8:50 of 3rd period - Nikita Alexandrov wins face-off versus Patrik Laine in Rangers zone.
8:50 of 3rd period - Erik Karlsson is hit by Luke Schenn and loses puck.
9:04 of 3rd period - Icing by David Pastrnak.
9:05 of 3rd period - Patrik Laine wins face-off versus Evgenii Dadonov in RedWings zone.
9:14 of 3rd period - Shot by Mario Ferraro.
9:14 of 3rd period - Shot Blocked by John Carlson.
10:13 of 3rd period - Shot by Brayden Schenn.
10:13 of 3rd period - Shot Misses the Net.
10:31 of 3rd period - Shot by Brayden Schenn.
10:31 of 3rd period - Stopped by Arturs Silovs without a rebound.
10:32 of 3rd period - Nikita Alexandrov wins face-off versus Anthony Beauvillier in Rangers zone.
10:37 of 3rd period - Shot by David Pastrnak.
10:37 of 3rd period - Shot Blocked by Luke Schenn.
10:39 of 3rd period - Shot by John Carlson.
10:39 of 3rd period - Stopped by Arturs Silovs without a rebound.
10:40 of 3rd period - Patrik Laine wins face-off versus Nikita Alexandrov in Rangers zone.
10:40 of 3rd period - Patrik Laine is hit by Evgenii Dadonov.
11:10 of 3rd period - Shot by Anthony Beauvillier.
11:10 of 3rd period - Stopped by Charlie Lindgren with a rebound.
11:17 of 3rd period - Juuso Parssinen is hit by Seth Jones and loses puck.
12:02 of 3rd period - Shot by Ryan Hartman.
12:02 of 3rd period - Shot Misses the Net.
12:04 of 3rd period - Shot by Erik Karlsson.
12:04 of 3rd period - Stopped by Arturs Silovs without a rebound.
12:05 of 3rd period - Casey Mittelstadt wins face-off versus Denis Gurianov in Rangers zone.
12:16 of 3rd period - Shot by Casey Mittelstadt.
12:16 of 3rd period - Shot Misses the Net.
12:24 of 3rd period - Shot by Casey Mittelstadt.
12:24 of 3rd period - Deflect By Yegor Chinakhov.
12:24 of 3rd period - Shot Misses the Net.
12:51 of 3rd period - Icing by Nick Cousins.
12:52 of 3rd period - Luke Kunin wins face-off versus Denis Gurianov in RedWings zone.
13:18 of 3rd period - Shot by Erik Karlsson.
13:18 of 3rd period - Stopped by Arturs Silovs with a rebound.
13:20 of 3rd period - Shot by John Carlson.
13:20 of 3rd period - Goal by John Carlson - Rangers : 1 - RedWings : 5.
13:21 of 3rd period - David Perron wins face-off versus Juuso Parssinen in neutral zone.
14:09 of 3rd period - Minor Penalty to Anthony Beauvillier for High sticking.
14:10 of 3rd period - Patrik Laine wins face-off versus Brayden Schenn in Rangers zone.
14:38 of 3rd period - Caleb Jones is hit by Ryan Hartman and loses puck.
15:48 of 3rd period - Shot by Evgenii Dadonov.
15:48 of 3rd period - Stopped by Arturs Silovs without a rebound.
15:49 of 3rd period - Nikita Alexandrov wins face-off versus Patrik Laine in Rangers zone.
16:02 of 3rd period - Shot by Erik Karlsson.
16:02 of 3rd period - Stopped by Arturs Silovs with a rebound.
16:04 of 3rd period - Shot by Erik Karlsson.
16:04 of 3rd period - Shot Misses the Net.
16:21 of 3rd period - Icing by Justin Danforth.
16:22 of 3rd period - Brayden Schenn wins face-off versus Juuso Parssinen in Rangers zone.
16:34 of 3rd period - Justin Danforth is hit by Brayden Schenn and loses puck.
16:51 of 3rd period - Shot by Anthony Beauvillier.
16:51 of 3rd period - Stopped by Charlie Lindgren without a rebound.
16:52 of 3rd period - Denis Gurianov wins face-off versus Casey Mittelstadt in RedWings zone.
16:52 of 3rd period - Denis Gurianov is hit by Patrik Laine.
17:09 of 3rd period - Patrik Laine is hit by Drew Doughty and loses puck.
17:12 of 3rd period - Shot by Riley Stillman.
17:12 of 3rd period - Shot Blocked by Drew Doughty.
17:28 of 3rd period - Shot by Yegor Chinakhov.
17:28 of 3rd period - Stopped by Charlie Lindgren without a rebound.
17:29 of 3rd period - Luke Kunin wins face-off versus David Pastrnak in RedWings zone.
17:30 of 3rd period - Shot by Luke Schenn.
17:30 of 3rd period - Stopped by Charlie Lindgren with a rebound.
18:05 of 3rd period - Shot by Mark Scheifele.
18:05 of 3rd period - Stopped by Arturs Silovs with a rebound.
18:07 of 3rd period - Shot by Erik Karlsson.
18:07 of 3rd period - Stopped by Arturs Silovs without a rebound.
18:08 of 3rd period - Brayden Schenn wins face-off versus Casey Mittelstadt in Rangers zone.
18:19 of 3rd period - Shot by Yegor Chinakhov.
18:19 of 3rd period - Stopped by Charlie Lindgren without a rebound.
18:20 of 3rd period - Juuso Parssinen wins face-off versus Denis Gurianov in RedWings zone.
19:20 of 3rd period - Off-side.
19:21 of 3rd period - Luke Kunin wins face-off versus David Pastrnak in neutral zone.
19:39 of 3rd period - John Carlson is hit by Eric Robinson and loses puck.
Goals for this period are 1 for Rangers vs 1 for RedWings.
Shots for this period are 13 for Rangers vs 10 for RedWings.